 Dungeon Crawl Stone Soup version 0.13-a0-2910-g7a74111 (webtiles) character file.

407 PolkaDot the Ruinous (level 5, -1/33 HPs)
             Began as a Vampire Wizard on Sept 1, 2013.
             Was an Initiate of Vehumet.
             Slain by a mummy (10 damage)
             ... in an ossuary.
             The game lasted 00:16:07 (4026 turns).

PolkaDot the Ruinous (Vampire Wizard)               Turns: 4026, Time: 00:16:08

HP  -1/33        AC  2     Str  6      XL: 5   Next: 80%
MP   2/13        EV 12     Int 21      God: Vehumet [......]
Gold 166         SH  0     Dex 12      Spells:  4 memorised,  1 level left

Res.Fire  : . . .   See Invis. : +   n - +0,-2 elf spear (curse)
Res.Cold  : . . .   Warding    : .   a - +0 robe
Life Prot.: + . .   Conserve   : .   (no shield)
Res.Poison: .       Res.Corr.  : .   b - +0 wizard hat
Res.Elec. : .       Clarity    : .   (no cloak)
Sust.Abil.: . .     Spirit.Shd : .   (no gloves)
Res.Mut.  : .       Stasis     : .   (no boots)
Res.Rott. : .       Flight     : .   o - amulet of inaccuracy {unknown}
Saprovore : . . .                    (no ring)
                                     f - ring of see invisible {unknown}

@: very slightly contaminated, slightly resistant to hostile enchantments,
stealthy
A: fangs 3, see invisible, unbreathing
a: Bat Form, Renounce Religion


You were in an ossuary.
You worshipped Vehumet.
Vehumet was noncommittal.
You were not thirsty.

You visited 2 branches of the dungeon, and saw 5 of its levels.
You also visited: Ossuary.

You collected 146 gold pieces.

Inventory:

Hand weapons
 n - a cursed +0,-2 elven spear (weapon)
Armour
 a - a +0 robe (worn)
 b - a +0 wizard hat (worn)
Scrolls
 e - a scroll of recharging {unknown}
 g - a scroll of amnesia {unknown}
 h - a scroll of remove curse {unknown}
 i - a scroll of curse weapon {unknown}
 k - a scroll of fog {unknown}
 l - 2 scrolls of blinking {unknown}
 m - a scroll of fear {unknown}
 p - 3 scrolls of identify {unknown}
Jewellery
 f - a ring of see invisible (left hand) {unknown}
 o - an amulet of inaccuracy (around neck) {unknown}
Potions
 d - 2 potions of resistance {unknown}
 j - a potion of restore abilities
Books
 c - a book of Minor Magic

   Spells                             Type                      Level
   *Magic Dart                        Conjuration                  1
   *Blink                             Translocation                2
   Call Imp                           Summoning                    2
   Repel Missiles                     Charms/Air                   2
   Slow                               Hexes                        2
   *Conjure Flame                     Conjuration/Fire             3
   *Mephitic Cloud                    Conjuration/Poison/Air       3


   Skills:
 - Level 2.1 Dodging
 - Level 3.0 Stealth
 - Level 3.0 Spellcasting
 + Level 4.3 Conjurations
   Level 1.0 Summonings
 - Level 0.7 Translocations


You had one spell level left.
You knew the following spells:

 Your Spells              Type           Power        Failure   Level  Hunger
a - Magic Dart            Conj           ###.         1%          1    None
d - Mephitic Cloud        Conj/Pois/Air  #.......     24%         3    ###....
s - Conjure Flame         Conj/Fire      ##......     21%         3    ###....
A - Blink                 Tloc           N/A          17%         2    ##.....


Dungeon Overview and Level Annotations

Branches:
Dungeon (4/27)             Temple (1/1) D:4

Altars:
Cheibriados
Elyvilon
Fedhas
Kikubaaqudgha
Makhleb
Nemelex Xobeh
Trog
Vehumet
Xom
Yredelemnul
Zin
the Shining One


Innate Abilities, Weirdness & Mutations

You have razor-sharp teeth.*
You have supernaturally acute eyesight.
You can survive without breathing.*


Message History

There is a gate leading back out of here here.
A mummy comes into view.
An orc zombie comes into view.
A kobold zombie comes into view.
Casting: Conjure Flame
Confirm with . or Enter, or press ? or * to list all spells.
You blink.
A mummy and a zombie come into view.
The kobold zombie moves out of view. 2 mummies come into view.
The kobold zombie barely misses you.
The helpless kobold zombie fails to defend itself.
You hit the kobold zombie. The kobold zombie closely misses you.
The mummy misses you. The kobold zombie hits you.
The gnoll zombie completely misses you. The mummy hits you! The mummy hits you!
* * * LOW HITPOINT WARNING * * *
The mummy hits you!
You die...

##......M
##......####
#....M.##..##
#.....##....##.
#.....z.........
##..zMMMz.......
##..z.M........
#+##........#
##M@....##
##....## #....#
#....# #....#
#....# #....#
#....# #....#


You could see 6 mummies, a gnoll zombie, 2 kobold zombies and an orc zombie.

Vanquished Creatures
  An ogre (D:4)
  An orc priest (D:3)
  An orc wizard (D:4)
  Terence (D:2)
  2 adders
  A worm zombie (D:4)
  A worm (D:2)
  An adder skeleton (D:4)
  7 orcs
  3 ball pythons
  5 goblins
  7 hobgoblins
  6 jackals
  2 kobolds
  5 bats
  A giant cockroach (D:2)
  A giant newt (D:2)
  A goblin skeleton (D:4)
  A hobgoblin zombie (Ossuary)
  A jackal zombie (D:4)
  3 orc zombies (Ossuary)
  5 rats
57 creatures vanquished.

Notes
Turn   | Place    | Note
--------------------------------------------------------------
     0 | D:1      | PolkaDot, the Vampire Wizard, began the quest for the Orb.
     0 | D:1      | Reached XP level 1. HP: 11/11 MP: 6/6
   174 | D:1      | Reached skill level 1 in Conjurations
   709 | D:1      | Reached XP level 2. HP: 7/17 MP: 5/8
  1028 | D:2      | Learned a level 2 spell: Blink
  1050 | D:2      | Paralysed by a potion of paralysis for 2 turns
  1342 | D:2      | Noticed Terence
  1643 | D:2      | Reached XP level 3. HP: 22/22 MP: 10/10
  1648 | D:2      | Learned a level 3 spell: Conjure Flame
  2199 | D:2      | Killed Terence
  2557 | D:3      | HP: 1/22 [orc priest/orcish falchion (3)]
  2559 | D:3      | Reached XP level 4. HP: 2/28 MP: 0/12
  3059 | D:3      | Learned a level 3 spell: Mephitic Cloud
  3415 | D:4      | Reached XP level 5. HP: 22/33 MP: 2/13
  3451 | D:4      | Noticed an ogre
  3492 | D:4      | Found a staircase to the Ecumenical Temple.
  3499 | Temple   | Entered the Ecumenical Temple
  3723 | Temple   | Became a worshipper of Vehumet
  3751 | D:4      | Killed an ogre
  3751 | D:4      | Reached skill level 4 in Conjurations
  3894 | D:4      | Found a sand-covered staircase.
  3934 | Ossuary  | Entered an ossuary
  4026 | Ossuary  | Slain by a mummy

Action                   |  1- 3 |  4- 6 || total
-------------------------+-------+-------++-------
Melee: Unarmed           |     3 |       ||     3
       Spear             |    36 |    13 ||    49
 Cast: Magic Dart        |   137 |    41 ||   178
       Conjure Flame     |     1 |     7 ||     8
       Mephitic Cloud    |       |     1 ||     1
       Blink             |       |     1 ||     1
  Use: Potion            |     7 |       ||     7
 Stab: Sleeping          |       |     3 ||     3
